 Dungeon Crawl Stone Soup version 0.29.1-15-g9cfb28693d (webtiles) character file.

Game seed: 15492713384157038437

1052 386 the Trooper (level 8, -1/57 (63) HPs)
             Began as a Demonspawn Fighter on Mar 21, 2023.
             Slain by a wight
             ... wielding a +5 great sword
              (8 damage)
             ... on level 6 of the Dungeon on Mar 22, 2023.
             The game lasted 00:28:29 (6010 turns).

386 the Trooper (Demonspawn Fighter)                Turns: 6010, Time: 00:28:29

HP:   -1/57 (63)    AC: 11    Str: 20    XL:     8   Next: 5%
MP:   0/8           EV:  9    Int:  9    God:
Gold: 397           SH:  9    Dex: 12    Spells: 7/7 levels left

rFire   . . .      SeeInvis .   f - +4 whip
rCold   . . .      Faith    .   c - +0 buckler
rNeg    . . .      Spirit   +   b - +0 scale mail
rPois   .          Reflect  .   (no helmet)
rElec   .          Harm     .   (no cloak)
rCorr   .          Rampage  .   (no gloves)
Will    .....                   u - +0 pair of boots
Stlth   ..........              y - amulet of guardian spirit
HPRegen 0.19/turn               (no ring)
MPRegen 0.11/turn               (no ring)

@: drained
A: molten scales 2, condensation shield, demonic touch 2
a: no special abilities


You were on level 6 of the Dungeon.
You visited 1 branch of the dungeon, and saw 6 of its levels.

You collected 397 gold pieces.

Inventory:

Hand Weapons
 a - a +0 war axe
 f - a +4 whip (weapon)
Missiles
 q - 14 poisoned darts (quivered)
Armour
 b - a +0 scale mail (worn)
 c - a +0 buckler (worn)
 u - a +0 pair of boots (worn)
Jewellery
 v - a ring of wizardry
 y - an amulet of guardian spirit (around neck)
 A - a ring of ice
Wands
 C - a wand of flame (8)
Scrolls
 e - 4 scrolls of enchant armour {unknown}
 g - 2 scrolls of silence {unknown}
 i - 3 scrolls of teleportation {unknown}
 j - 4 scrolls of identify {unknown}
 o - 5 scrolls of poison {unknown}
 r - a scroll of vulnerability {unknown}
 s - a scroll of enchant weapon {unknown}
 w - 2 scrolls of immolation {unknown}
Potions
 d - a potion of might
 h - a potion of brilliance {unknown}
 k - a potion of ambrosia {unknown}
 l - 2 potions of attraction {unknown}
 m - a potion of berserk rage {unknown}
 n - 2 potions of flight {unknown}
 p - a potion of invisibility {unknown}
 t - a potion of heal wounds {unknown}
 x - 2 potions of haste {unknown}
 z - a potion of cancellation {unknown}
 B - a potion of curing {unknown}


   Skills:
 + Level 5.4 Fighting
 - Level 1.9(3.1) Axes
 + Level 3.8(4.1) Maces & Flails
 - Level 2.0 Throwing
 + Level 4.9 Armour
 + Level 4.8 Shields


You had 7 spell levels left.
You didn't know any spells.
Your spell library contained the following spells:

 Spells                   Type           Power      Damage    Failure   Level
 Magic Dart               Conj           0%         1d3       82%         1
 Call Imp                 Summ           0%         N/A       91%         2
 Mephitic Cloud           Conj/Pois/Air  0%         N/A       99%         3


Dungeon Overview and Level Annotations

Branches:
Dungeon (6/15)
 Temple: D:4-7

Altars:
Ashenzari
Fedhas
Qazlal


Innate Abilities, Weirdness & Mutations

You are mostly covered in molten scales. (AC +3)
A meltable shield of frost defends you. (SH +4)
Your touch may inflict irresistible damage on your foes.


Message History

You feel drained.
You barely miss the wight.
The wight is almost destroyed.
The wight hits you but does no damage.
You hit the wight.
The wight is almost destroyed.
The wight hits you with a +0 morningstar.
You feel drained.
You hit the wight but do no damage.
The wight is almost destroyed.
You block the wight's attack.
You hit the wight.
You destroy the wight!
You have reached level 8!
You feel stronger.
You barely miss the wight. You barely miss the wight.
The wight hits you with a +5 great sword.
You are too injured to fight recklessly!
You are too injured to fight recklessly!
You are too injured to fight recklessly!
You are too injured to fight recklessly!
You are too injured to fight recklessly!
You closely miss the wight. The wight barely misses you.
You hit the wight.
The wight is lightly damaged.
You block the wight's attack.
You hit the wight but do no damage.
The wight is lightly damaged.
The wight closely misses you.
You completely miss the wight.
The wight is lightly damaged.
The wight hits you with a +5 great sword!!
* * * LOW HITPOINT WARNING * * *
You feel drained.
* * * LOW HITPOINT WARNING * * *
You hit the wight.
The wight is moderately damaged.
The wight hits you with a +5 great sword!
You die...

#.# #.# #.#
#.# #.#
#.####.#####.#
#.........zz.#
#z# #@# #.#
#.# #.# #.#
#.#######
#........
#..######
#..#######


You could see a wight.

Vanquished Creatures
  3 black bears
  A phantom (D:4)
  A necrophage (D:5)
  2 wights (D:6)
  4 killer bees (D:5)
  3 orc priests
  3 iguanas
  4 gnolls
  7 adders
  2 worms
  A dart slug (D:4)
  8 orcs
  6 endoplasms
  2 giant cockroaches
  6 goblins
  7 hobgoblins
  4 jackals (D:2)
  5 kobolds
  4 quokkas
  8 ball pythons
  9 bats
  5 frilled lizards
  5 rats
100 creatures vanquished.

Notes
Turn   | Place    | Note
-------+----------+-------------------------------------------
     0 | D:1      | 386 the Demonspawn Fighter began the quest for the Orb.
     0 | D:1      | Reached XP level 1. HP: 18/18 MP: 1/1
   109 | D:1      | Noticed an eye of devastation
   121 | D:1      | Found a faded altar of an unknown god.
   132 | D:1      | Noticed a shining eye
   134 | D:1      | Noticed a great orb of eyes
   134 | D:1      | Noticed a floating eye
   184 | D:1      | Gained mutation: Your touch may inflict minor irresistible
                  | damage on your foes. [demonic ancestry]
   184 | D:1      | Reached XP level 2. HP: 21/24 MP: 2/2
   789 | D:1      | Gained mutation: You are partially covered in molten
                  | scales. (AC +2) [demonic ancestry]
   789 | D:1      | Reached XP level 3. HP: 29/29 MP: 3/3
   884 | D:2      | Reached skill level 1 in Maces & Flails
  1485 | D:2      | Found a broken altar of Ashenzari.
  1503 | D:2      | Gained mutation: Your touch may inflict irresistible damage
                  | on your foes. [demonic ancestry]
  1503 | D:2      | Reached XP level 4. HP: 35/35 MP: 4/4
  2864 | D:4      | Found a broken altar of Ashenzari.
  2900 | D:4      | Noticed a black bear
  2963 | D:4      | Noticed a phantom
  2985 | D:4      | Killed a phantom
  2986 | D:4      | Reached skill level 1 in Throwing
  2986 | D:4      | Gained mutation: You are mostly covered in molten scales.
                  | (AC +3) [demonic ancestry]
  2986 | D:4      | Reached XP level 5. HP: 25/42 MP: 5/5
  3294 | D:4      | Noticed a black bear
  3302 | D:4      | Killed a black bear
  3303 | D:4      | Reached skill level 4 in Fighting
  3303 | D:4      | Reached XP level 6. HP: 38/48 MP: 6/6
  4151 | D:5      | Entered Level 5 of the Dungeon
  4329 | D:5      | Gained mutation: A meltable shield of frost defends you.
                  | (SH +4) [demonic ancestry]
  4329 | D:5      | Reached XP level 7. HP: 50/55 MP: 7/7
  4555 | D:5      | Reached skill level 5 in Fighting
  4728 | D:5      | Found a stormy altar of Qazlal.
  5738 | D:6      | Found a blossoming altar of Fedhas.
  6004 | D:6      | Reached XP level 8. HP: 32/59 MP: 5/8
  6010 | D:6      | Slain by a wight

Illustrated notes

Levels and vault maps discovered:
D:1:      dpeg_arrival_triangle_fractal, layout_rooms,
          hellmonk_ecumenical_altar_watching_god
D:2:      layout_basic, basic_altar
D:3:      layout_basic, tso_metal_star
D:4:      layout_loops_cross, cheibrodos_ashenzari_chains,
          mainiacjoe_overflow_brackets
D:5:      layout_basic, grunt_qazlal_clouds, cheibrodos_sewer_entry_sluice
D:6:      layout_loops_ring, slow_altar_1, pdpol_wu_jian_five_deadly_venoms,
          fedhas_ov_isle_minmay, chequers_jeans, kennysheep_crisscross

Skill      XL: |  1  2  3  4  5  6  7 |
---------------+----------------------+-----
Armour         | 3 4 |  4.9
Shields        | 3 4 |  4.8
Maces & Flails | 1 2 3 |  3.8
Throwing       | 1 2 |  2.0
Fighting       | 4 5 |  5.4
Axes           | |  1.9

Action                   |  1- 3 |  4- 6 |  7- 9 || total
-------------------------+-------+-------+-------++-------
Melee: Whip              |    92 |   137 |   126 ||   355
       War axe           |     6 |       |       ||     6
Throw: Dart              |       |    15 |     2 ||    17
Armor: Scale mail        |    28 |    57 |    37 ||   122
Dodge: Dodged            |    43 |    68 |    34 ||   145
Block: Buckler           |    15 |    17 |    50 ||    82
